 Dungeon Crawl Stone Soup version 0.31-a0-1278-g11c5b68f87 (webtiles) character file.

Game seed: 18113327898156881756

8 croobank the Sneak (level 2, -4/24 HPs)
             Began as a Demonspawn Delver on Dec 17, 2023.
             Slain by a worm (7 damage)
             ... on level 2 of the Dungeon.
             The game lasted 00:02:23 (289 turns).

croobank the Sneak (Demonspawn Delver)               Turns: 289, Time: 00:02:24

Health: -4/24      AC:  3    Str: 12    XL:     2   Next: 0%
Magic:  2/2        EV: 12    Int: 10    God:
Gold:   26         SH:  0    Dex: 14    Spells: 1/1 levels left

rFire   + . .        a - +0 short sword
rCold   . . .        (no shield)
rNeg    . . .        b - +0 leather armour
rPois   .            (no helmet)
rElec   .            (no cloak)
rCorr   .            (no gloves)
SInv    .            (no boots)
Will    .....        (no amulet)
Stlth   +++          f - ring of protection from fire
HPRegen 0.24/turn    (no ring)
MPRegen 0.08/turn

%: no passive effects
@: no status effects
A: claws 1
a: no special abilities


You were on level 2 of the Dungeon.
You visited 1 branch of the dungeon, and saw 4 of its levels.

You collected 26 gold pieces.

Inventory:

Hand Weapons
 a - a +0 short sword (weapon)
Armour
 b - a +0 leather armour (worn)
Jewellery
 f - a ring of protection from fire (left claw)
Wands
 g - a wand of digging (3)
Scrolls
 c - a scroll of fog
 h - a scroll of identify


   Skills:
 + Level 3.1 Fighting
 + Level 2.0 Short Blades
 + Level 2.0 Dodging
 + Level 4.6 Stealth


You had one spell level left.
You didn't know any spells.
Your spell library was empty.

Dungeon Overview and Level Annotations

Branches:
Dungeon (5/15)
 Temple: D:4-7

Altars:

Shops:
D:4 *   D:5 [!


Innate Abilities, Weirdness & Mutations

You have sharp fingernails.


Message History

The worm is lightly wounded.
The worm bites you!
You hit the worm.
The worm is lightly wounded.
You hit the worm.
The worm is heavily wounded.
The worm bites you.
You are too injured to fight recklessly!
You are too injured to fight recklessly!
You are too injured to fight recklessly!
You hit the worm.
The worm is heavily wounded.
You completely miss the worm.
The worm is heavily wounded.
The worm bites you!
* * * LOW HITPOINT WARNING * * *
As you read the scroll of fear, it crumbles to dust.
You assume a fearsome visage.
The worm looks frightened!
Okay, then.
You start resting.
A worm is nearby!
You hit the worm.
The worm is lightly wounded.
The worm bites you!
* * * LOW HITPOINT WARNING * * *
It was a potion of magic.
Magic courses through your body.
As you read the scroll labelled DIRRIR IPOANN, it crumbles to dust.
It is a scroll of identify.
You don't currently have any unidentified items.
The worm bites you.
* * * LOW HITPOINT WARNING * * *
You hit the worm.
The worm is moderately wounded.
You hit the worm but do no damage.
The worm is moderately wounded.
The worm misses you.
You hit the worm.
The worm is moderately wounded.
The worm bites you!
You die...

########
).##.@.#
#.##w###
#.#..# .
####.#.##
..####..#.#.#
#....#..#...#
####.......##
.........>.#
#########.####


You could see a worm.

Vanquished Creatures
  An orc (D:4)
  A bat (D:3)
  2 jackals (D:4)
  A quokka (D:4)
  A ball python (D:4)
6 creatures vanquished.

Notes
Turn   | Place    | Note
-------+----------+-------------------------------------------
     0 | D:5      | croobank the Demonspawn Delver began the quest for the Orb.
     0 | D:5      | Reached XP level 1. HP: 18/18 MP: 1/1
     8 | D:5      | Found Sudeav's Antique Armour Shop.
    19 | D:5      | Noticed a sleepcap
    53 | D:5      | Noticed an ice beast
    67 | D:5      | Noticed a jelly
   113 | D:4      | Found Mynkiu's Assorted Antiques.
   183 | D:3      | Discovered your monstrous ancestry.
   183 | D:3      | Gained mutation: You have sharp fingernails. [demonic
                  | ancestry]
   183 | D:3      | Reached XP level 2. HP: 24/24 MP: 2/2
   289 | D:2      | Slain by a worm

Illustrated notes

Levels and vault maps discovered:
D:2:      layout_basic, kennysheep_generic_room_2, uniq_natasha, uniq_sigmund
D:3:      layout_loops_ring, gammafunk_ghost_mausoleum
D:4:      layout_gridville, serial_shops, nicolae_shop_stone, uniq_eustachio
D:5:      layout_loops_cross, serial_shops, nicolae_shop_tiny_real_fake_doors,
          shop, shop, nicolae_shop_pleasant_corner_grove,
          nicolae_shop_gibbet_a_chance, uniq_pikel

Skill      XL: |  1 |
---------------+----+-----
Short Blades   | 2 |  2.0
Dodging        | 2 |  2.0
Fighting       | |  3.1
Stealth        | |  4.6

Action                     || total
---------------------------++-------
  Melee: Short sword       ||    31
    Use: Scroll            ||     3
         Potion            ||     2
   Stab: Sleeping          ||     1
 Armour: Leather armour    ||    19
  Dodge: Dodged            ||    18

Table legend: (Time is in decaauts)
 A = Elapsed time spent in this place.
 B = Non-inter-level travel time spent in this place.
 C = Inter-level travel time spent in this place.
 D = Time resting spent in this place.
 E = Time spent auto-exploring this place.
 F = Levels seen in this place.
 G = Mean time per level.
                   A        B        C        D        E       F      G
               +--------+--------+--------+--------+--------+-----+--------+
         Total |    268 |    268 |      0 |     75 |     63 |   4 |   67.0 |
       Dungeon |    268 |    268 |      0 |     75 |     63 |   4 |   67.0 |
               +--------+--------+--------+--------+--------+-----+--------+

Top non-repeatable levels by time:
     D:4: 96 daAuts
     D:2: 71 daAuts
     D:5: 56 daAuts
     D:3: 43 daAuts
